Map: Green Acres

Players

ForceForce

  • Race: Terran Terran
  • League: Silver
  • Spawn Location: 6:00

QQQ

  • Race: Terran Terran
  • Spawn Location: 9:00

Rolldice

  • Race: Protoss Protoss
  • Spawn Location: 7:00

dari - Winner!

  • Race: Protoss Protoss
  • Spawn Location: 12:00

Faeton - Winner!

  • Race: Protoss Protoss
  • Spawn Location: 3:00

lurker - Winner!

  • Race: Terran Terran
  • Spawn Location: 1:00

VOD

Have the link to the VOD?

Description

Time

  • Played on: Sept. 10, 2016, 8:35 a.m.
  • Length: 31:21
Show
View Real Time Build Order
Export as new Build Order

ForceForce Terran 

Build Orders: MMM Bio 

Get SALT Encoding   

  12  0:02  SCV  
  13  0:17  Supply Depot  
  13  0:26  SCV  
  14  0:41  Barracks, SCV  
  15  0:49  Supply Depot  
  15  0:55  SCV  
  16  1:07  SCV  
  17  1:15  Refinery  
  17  1:19  SCV  
  18  1:30  Marine  
  19  1:35  Barracks  
  19  1:37  Orbital Command  
  19  1:50  Supply Depot  
  19  1:51  Marine  
  20  2:09  Marine  
  20  2:11  SCV  
  22  2:16  Engineering Bay  
  22  2:22  Marine  
  22  2:27  Barracks, SCV  
  22  2:29  Marine  
  25  2:39  SCV  
  25  2:40  Marine  
  27  2:47  Marine  
  27  2:50  Supply Depot  
  28  2:51  SCV  
  28  2:58  Marine  
  29  3:05  Marine  
  30  3:11  Refinery  
  31  3:16  Marine  
  32  3:23  Marine  
  32  3:24  Barracks  
  33  3:29  Missile Turret, Marine  
  33  3:34  Marine  
  35  3:43  Marine  
  35  3:47  Marine  
  37  3:50  Missile Turret  
  37  3:58  Marine  
  37  4:00  Marine  
  39  4:07  Barracks Tech Lab  
  39  4:09  Command Center  
  39  4:18  Barracks Tech Lab  
  39  4:25  Supply Depot  
  39  4:26  SCV  
  39  4:29  Barracks Tech Lab  
  39  4:30  Combat Shields  
  40  4:33  Terran Infantry Weapons Level 1  
  40  4:34  Marine x2  
  40  4:38  SCV  
  43  4:47  Marine  
  43  4:48  Supply Depot  
  43  4:50  SCV  
  43  4:51  Marine  
  43  4:52  Factory  
  46  4:58  Marine x2  
  48  5:05  Marine  
  48  5:06  SCV  
  51  5:21  SCV x2  
  51  5:28  Marine x4  
  53  5:33  SCV  
  57  5:46  Marauder  
  57  5:47  Marauder, SCV x2  
  57  5:49  Marine  
  63  5:50  Marine  
  65  5:59  SCV  
  65  6:00  SCV  
  67  6:07  Marine x2  
  69  6:11  Armory  
  69  6:22  Refinery  
  69  6:27  Terran Infantry Armor Level 1  
  69  6:39  Marine, SCV x2  
  71  6:40  Marine x3  
  71  6:45  Stimpack  
  71  6:46  Factory Tech Lab  
  74  6:51  SCV  
  75  6:57  Marine x2  
  75  7:01  Starport  
  77  7:19  Supply Depot  
  77  7:26  Marine  
  78  7:34  Supply Depot  
  78  7:35  Supply Depot  
  78  7:38  Starport  
  78  7:40  Siege Tank, Marine x2  
  78  7:41  Supply Depot  
  83  7:59  Marine x4  
  87  8:12  Siege Tank  
  87  8:17  Marine x2  
  87  8:18  Starport Tech Lab  
  89  8:26  Starport Tech Lab  
  89  8:33  Marine  
  89  8:34  Marine  
  91  8:35  Marine x2  
  93  8:51  Marine x2  
  93  8:52  Marine  
  93  8:54  Factory  
  96  8:56  Factory  
  96  8:57  Factory  
  88  9:19  Marine x2  
  88  9:20  Marine x2  
  78  9:35  Viking x2  
  78  9:37  Marine x3  
  78  9:38  Marine  
  86  9:44  Factory Tech Lab x2  
  86  9:54  Missile Turret  
  86  9:55  Marine x3  
  89  10:05  Viking x2, Supply Depot  
  89  10:06  Supply Depot  
  93  10:07  Thor x2  
  93  10:13  Missile Turret  
  105  10:19  Terran Infantry Weapons Level 2  
  105  10:34  Missile Turret  
  105  10:57  Missile Turret, Marine x4  
  105  11:00  Siege Tank x2  
  105  11:01  Thor  
  121  11:15  Marine x3  
  121  11:17  Missile Turret  
  124  11:37  Thor  
  110  11:53  Marine x2  
  110  11:54  Marine x2  
  90  12:11  Marine  
  90  12:13  Marine x3  
  94  12:15  Thor  
  94  12:16  Thor  
  94  12:19  Thor  
  110  12:29  Marine  
  108  12:31  Marine x2  
  94  12:58  Thor x2  
  94  13:04  Viking x2  
  83  13:33  Viking  
  83  13:34  Viking  
  87  13:39  Marine x4  
  87  13:41  Thor x2  
  103  13:54  Refinery  
  103  13:56  Marine  
  104  14:06  Marine  
  104  14:07  Marine x2  
  107  14:12  Terran Vehicle Weapons Level 1  
  107  14:14  Marine  
  108  14:24  Marine x2  
  108  14:25  Marine  
  111  14:32  Marine  
  111  14:34  Thor  
  118  14:42  Marine x2  
  118  14:44  Command Center  
  120  14:50  Supply Depot  
  120  15:02  Supply Depot  
  120  15:12  Supply Depot  
  120  15:14  Thor x2  
  120  15:15  Missile Turret x2  
  132  15:31  Missile Turret  
  132  15:39  Missile Turret  
  132  15:44  Missile Turret  
  132  15:49  Missile Turret  
  132  15:51  Refinery  
  132  16:00  SCV  
  132  16:01  SCV  
  135  16:05  Orbital Command  
  134  16:12  Thor x2, SCV  
  134  16:13  SCV  
  134  16:15  Marine x4  
  134  16:16  Refinery  
  152  16:33  Marine x4  
  152  16:37  Terran Vehicle Weapons Level 2  
  156  16:42  Viking x2  
  160  17:21  Marine x3  
  160  17:22  Marine  
  164  17:39  Marine  
  165  17:46  Marine x2  
  165  17:47  Marine  
  164  17:57  Marine  
  165  18:04  Marine x2  
  165  18:05  Marine  
  164  18:15  Marine  
  165  18:34  Supply Depot  
  165  18:38  Supply Depot  
  165  18:40  Supply Depot  
  165  18:44  Marine x4  
  165  18:47  Thor  
  161  18:50  Thor  
  161  18:52  Thor  
  159  19:02  Marine x4  
  151  19:20  Marine x4  
  155  19:30  Thor  
  161  19:33  Thor  
  161  19:35  Thor  
  161  19:38  Marine x4  
  177  19:40  Terran Vehicle And Ship Armor Level 1  
  169  19:56  Marine x4  
  155  20:13  Thor, Marine x4  
  148  20:16  Siege Tank  
  148  20:18  Siege Tank  
  109  20:31  Marine  
  105  20:41  Marine x3  
  108  20:48  Siege Tank  
  108  20:49  Thor, Marine  
  112  20:56  Thor  
  124  20:59  Marine x3  
  124  21:01  Planetary Fortress  
  127  21:07  Marine  
  128  21:17  Marine x3  
  131  21:20  Thor, Refinery  
  131  21:25  Marine  
  138  21:26  Refinery  
  138  21:32  Thor  
  138  21:35  Marine x3  
  138  21:39  Thor  
  153  21:40  Terran Vehicle And Ship Armor Level 2  
  153  21:42  Marine  
  154  21:51  Command Center  
  154  21:52  Marine x2  
  154  21:53  Marine  
  157  22:00  Marine  
  158  22:03  Thor  
  164  22:09  Thor  
  164  22:10  Marine x3  
  167  22:18  Marine  
  168  22:28  Marine x3  
  171  22:36  Marine  
  172  22:54  Marine x4  
  172  22:56  Thor x2  
  188  22:59  Thor  
  164  23:11  Marine  
  164  23:12  Viking x2, Marine x2  
  112  23:34  Thor  
  112  23:35  Thor  
  112  23:42  Viking x2  
  112  23:46  Thor  
  111  24:19  Marine x4  
  108  24:37  Marine x4  
  94  24:48  Thor  
  94  24:49  Thor x2  
  104  24:55  Marine x4  
  83  25:12  Marine  
  83  25:13  Marine x3  
  77  25:30  Marine x2  
  77  25:31  Marine x2  
  48  25:56  Marine  
  48  25:57  Marine x3  
  47  26:14  Marine x2  
  3  27:05  SCV  
  3  27:06  SCV  
  5  27:18  SCV  
  2  27:30  SCV  
  3  27:42  Marine x4, SCV  
  7  27:56  Supply Depot  
  7  28:00  Marine x4  
  11  28:11  Medivac x2  
  15  28:18  Marine x4  
  15  28:19  Supply Depot  
  19  28:30  Orbital Command  
  19  28:35  Marine  
  19  28:36  Marine x3  
  23  28:42  Supply Depot  
  21  28:53  Marine x3  
  21  28:54  Marine  
  25  29:05  Supply Depot  
  25  29:11  Marine x4  
  29  29:29  Supply Depot, Marine x4  
  33  29:47  Marine x2  
  33  29:51  Supply Depot  
  16  30:14  Marine x2  
  16  30:16  Supply Depot  
  17  30:29  Reaper  
  17  30:32  Marine x3  
  21  30:49  Marine x2  
  21  30:50  Marine  
  24  31:01  Marine  
Show
View Real Time Build Order
Export as new Build Order

QQQ Terran 

Build Orders: Reaper Expand, Mech 

Get SALT Encoding   

  12  0:11  SCV  
  13  0:19  Refinery  
  13  0:23  SCV  
  14  0:31  Supply Depot  
  14  0:43  SCV  
  15  0:55  SCV  
  15  0:56  Barracks  
  16  1:08  SCV  
  17  1:21  SCV  
  18  1:33  Command Center  
  18  1:38  SCV  
  19  1:51  Factory  
  19  1:55  Reaper  
  20  2:08  Orbital Command  
  20  2:12  Refinery  
  20  2:33  Factory  
  20  2:36  Marine  
  21  2:40  Hellion  
  23  2:50  Orbital Command  
  23  2:53  SCV  
  23  2:55  Marine  
  25  3:13  SCV  
  25  3:19  Factory Tech Lab  
  26  3:20  Factory Reactor  
  26  3:25  SCV  
  27  3:30  Starport, Engineering Bay  
  26  3:50  Siege Tank  
  29  4:04  Missile Turret  
  29  4:37  Supply Depot  
  29  4:43  Factory Reactor  
  29  4:47  Orbital Command  
  29  4:52  Marine  
  30  5:00  Factory  
  30  5:01  Supply Depot  
  30  5:03  Siege Tank  
  30  5:06  Medivac  
  35  5:28  Hellion x2  
  39  5:31  Supply Depot  
  39  5:42  SCV  
  40  5:43  SCV  
  41  5:54  SCV  
  41  5:55  SCV  
  43  6:02  Viking  
  43  6:03  Viking  
  47  6:04  Infernal Pre-Igniter  
  47  6:07  SCV x2  
  49  6:19  SCV x2  
  49  6:23  Missile Turret  
  51  6:30  Marine  
  51  6:31  SCV x2  
  51  6:32  Hellion x3  
  60  6:35  Viking  
  62  7:09  Missile Turret  
  62  7:14  Bunker  
  62  7:24  Supply Depot  
  62  7:30  Factory Tech Lab, Supply Depot  
  62  7:38  Terran Infantry Weapons Level 1  
  62  7:39  Siege Tank, SCV  
  62  7:40  Hellion x2  
  70  7:45  Marine, SCV  
  70  7:47  Viking x2  
  76  7:51  SCV  
  76  7:58  Bunker, SCV  
  78  8:03  Hellion x2, Marine  
  85  8:07  Siege Tank  
  86  8:30  Missile Turret  
  86  8:43  Supply Depot  
  86  8:53  Armory  
  86  9:04  Viking, Siege Tank, Marine, Hellion  
  94  9:49  Refinery  
  94  9:58  Refinery  
  94  10:09  Hellion x2  
  94  10:15  Missile Turret  
  94  10:24  Widow Mine, Marine  
  94  10:25  Siege Tank  
  61  10:42  Marine  
  58  10:48  Orbital Command  
  47  10:59  Marine  
  48  11:12  Hellion x4  
  48  11:16  Viking x2  
  45  11:33  Hellion x2, Siege Tank  
Show
View Real Time Build Order
Export as new Build Order

Rolldice Protoss 

Build Orders: Oracle Opening 

Get SALT Encoding   

  12  0:01  Probe (Chrono Boost)  
  13  0:12  Probe (Chrono Boost)  
  14  0:19  Pylon  
  14  0:22  Probe (Chrono Boost)  
  15  0:37  Gateway  
  15  0:40  Assimilator  
  15  0:44  Probe (Chrono Boost)  
  16  0:54  Probe (Chrono Boost)  
  17  1:05  Probe (Chrono Boost)  
  18  1:13  Gateway  
  18  1:15  Probe (Chrono Boost)  
  18  1:17  Pylon  
  19  1:26  Assimilator, Probe (Chrono Boost)  
  20  1:33  Cybernetics Core  
  20  1:50  Probe (Chrono Boost)  
  21  2:06  Pylon  
  22  2:08  Probe (Chrono Boost)  
  22  2:12  Stargate  
  22  2:29  Gateway  
  22  2:31  Gateway  
  22  2:34  Pylon  
  22  2:35  Pylon  
  22  2:55  Oracle (Chrono Boost)  
  25  3:10  Probe  
  26  3:20  Nexus  
  29  3:27  Oracle (Chrono Boost)  
  29  3:36  Protoss Air Armor Level 1  
  29  3:39  Probe  
  30  3:51  Probe  
  31  4:04  Probe  
  31  4:05  Stalker x2  
  36  4:16  Probe  
  37  4:28  Probe  
  38  4:40  Probe  
  36  4:56  Void Ray (Chrono Boost)  
  40  5:00  Stargate  
  40  5:08  Assimilator  
  40  5:10  Assimilator, Probe  
  41  5:15  Probe  
  41  5:16  Stalker x3  
  41  5:20  Stalker  
  41  5:21  Probe  
  51  5:31  Probe  
  52  5:39  Probe  
  52  5:42  Probe  
  54  5:51  Probe  
  54  5:52  Probe  
  54  5:55  Void Ray (Chrono Boost)  
  60  6:03  Probe x2  
  66  6:12  Void Ray (Chrono Boost)  
  66  6:13  Probe  
  66  6:15  Probe  
  68  6:24  Probe  
  68  6:27  Probe  
  70  6:37  Pylon  
  70  6:43  Pylon  
  70  6:44  Pylon  
  70  6:45  Pylon  
  70  6:46  Pylon  
  70  6:55  Probe x2  
  70  6:56  Void Ray (Chrono Boost)  
  76  7:08  Probe  
  77  7:13  Stargate, Nexus  
  77  7:16  Stargate  
  77  7:24  Assimilator  
  77  7:33  Probe  
  78  7:38  Probe  
  79  7:45  Probe  
  79  7:50  Probe  
  81  7:57  Probe  
  86  7:59  Void Ray x2 (Chrono Boost)  
  86  8:02  Probe  
  99  8:06  Void Ray (Chrono Boost)  
  99  8:09  Probe, Void Ray (Chrono Boost)  
  100  8:14  Probe  
  101  8:22  Probe  
  101  8:26  Probe  
  103  8:32  Stalker  
  105  8:34  Stalker  
  105  8:36  Void Ray x2 (Chrono Boost)  
  105  8:39  Probe  
  116  8:44  Assimilator  
  116  8:45  Probe  
  125  9:03  Protoss Air Weapons Level 1  
  125  9:04  Void Ray (Chrono Boost)  
  125  9:05  Void Ray (Chrono Boost)  
  125  9:09  Fleet Beacon  
  125  9:15  Cybernetics Core  
  125  9:39  Pylon  
  125  9:41  Pylon  
  125  9:42  Pylon  
  125  9:44  Pylon  
  125  9:45  Pylon  
  125  9:47  Pylon x2  
  125  9:56  Probe  
  125  9:57  Pylon  
  126  10:01  Pylon  
  126  10:02  Pylon  
  126  10:05  Pylon  
  126  10:06  Pylon  
  126  10:08  Pylon  
  126  10:09  Pylon  
  126  10:10  Pylon  
  126  10:12  Pylon  
  126  10:14  Pylon  
  126  10:17  Pylon x2  
  126  10:21  Pylon  
  126  10:28  Void Ray x2 (Chrono Boost)  
  142  10:33  Void Ray (Chrono Boost)  
  142  10:34  Probe, Void Ray (Chrono Boost)  
  143  10:44  Probe  
  144  10:55  Probe  
  143  11:05  Probe  
  139  11:16  Probe  
  124  11:19  Void Ray x2 (Chrono Boost)  
  124  11:25  Void Ray x2 (Chrono Boost)  
  140  11:52  Stargate  
  140  11:54  Stargate  
  140  11:56  Void Ray x2 (Chrono Boost)  
  140  11:57  Stargate  
  140  11:58  Stargate  
  148  12:08  Void Ray x2 (Chrono Boost)  
  156  12:26  Assimilator  
  156  12:28  Assimilator  
  156  12:32  Nexus  
  156  12:33  Probe, Void Ray (Chrono Boost)  
  156  12:34  Void Ray (Chrono Boost)  
  165  12:44  Probe  
  181  12:47  Void Ray x4 (Chrono Boost)  
  181  12:49  Void Ray x2 (Chrono Boost)  
  190  12:54  Probe  
  191  13:05  Probe  
  191  13:06  Void Ray (Chrono Boost)  
  191  13:10  Void Ray (Chrono Boost)  
  200  13:14  Protoss Air Weapons Level 2 (Chrono Boost)  
  196  15:23  Void Ray  
  168  15:49  Void Ray  
  88  15:54  Void Ray x4  
  88  15:55  Void Ray x2  
  104  16:06  Void Ray  
  108  16:26  Void Ray  
  112  16:37  Void Ray x5  
  112  16:38  Void Ray  
  121  16:48  Void Ray  
  111  17:03  Void Ray  
  115  17:19  Void Ray  
  115  17:20  Void Ray x2  
Show
View Real Time Build Order
Export as new Build Order

dari Protoss - Winner!

Build Orders:  

Get SALT Encoding   

  12  0:02  Probe (Chrono Boost)  
  13  0:13  Probe (Chrono Boost)  
  14  0:21  Pylon  
  14  0:24  Probe (Chrono Boost)  
  15  0:38  Assimilator  
  15  0:39  Probe (Chrono Boost)  
  16  0:46  Gateway  
  16  0:50  Probe (Chrono Boost)  
  17  1:00  Assimilator, Probe (Chrono Boost)  
  19  1:11  Probe (Chrono Boost)  
  19  1:24  Probe (Chrono Boost)  
  20  1:31  Pylon  
  20  1:35  Probe (Chrono Boost)  
  21  1:41  Zealot, Cybernetics Core  
  23  1:49  Probe (Chrono Boost)  
  23  1:50  Pylon  
  24  2:04  Probe (Chrono Boost)  
  25  2:14  Probe (Chrono Boost)  
  26  2:19  Stargate  
  26  2:30  Stargate  
  26  2:36  Warp Gate  
  26  3:10  Void Ray (Chrono Boost)  
  34  3:37  Probe  
  34  3:38  Void Ray (Chrono Boost)  
  35  3:50  Mothership Core  
  37  3:58  Nexus  
  37  4:02  Pylon  
  37  4:07  Pylon  
  37  4:13  Pylon  
  33  4:24  Forge  
  25  5:01  Photon Cannon  
  25  5:08  Pylon  
  25  5:11  Probe  
  25  5:13  Photon Cannon  
  26  5:18  Photon Cannon  
  26  5:22  Probe  
  28  5:28  Probe  
  28  5:32  Probe  
  29  5:40  Probe  
  30  5:43  Probe  
  31  5:51  Photon Cannon  
  31  5:53  Probe  
  31  5:54  Probe  
  33  6:04  Probe  
  33  6:06  Probe  
  35  6:14  Probe  
  35  6:15  Void Ray (Chrono Boost)  
  40  6:18  Probe  
  41  6:43  Photon Cannon  
  41  6:45  Photon Cannon  
  41  6:47  Photon Cannon  
  41  6:49  Photon Cannon  
  45  7:02  Void Ray (Chrono Boost)  
  45  7:04  Probe  
  46  7:10  Assimilator  
  46  7:16  Probe  
  51  7:27  Void Ray (Chrono Boost)  
  51  7:41  Void Ray (Chrono Boost)  
  55  7:51  Probe  
  56  8:01  Probe  
  61  8:10  Void Ray (Chrono Boost)  
  61  8:12  Probe  
  66  8:27  Void Ray (Chrono Boost)  
  66  8:32  Assimilator  
  66  8:35  Probe  
  67  8:46  Probe  
  72  8:53  Void Ray (Chrono Boost)  
  72  8:56  Probe  
  73  9:07  Probe  
  74  9:18  Probe  
  75  9:40  Void Ray (Chrono Boost)  
  83  9:47  Void Ray (Chrono Boost)  
  83  9:56  Gateway  
  83  9:58  Gateway  
  83  10:00  Gateway  
  83  10:13  Pylon  
  83  10:17  Pylon  
  83  10:19  Pylon  
  83  10:20  Pylon  
  83  10:32  Void Ray (Chrono Boost)  
  91  10:37  Void Ray (Chrono Boost)  
  75  12:25  Void Ray (Chrono Boost)  
  83  12:34  Void Ray (Chrono Boost)  
  83  13:01  Void Ray (Chrono Boost)  
  83  13:12  Void Ray (Chrono Boost)  
  79  13:39  Void Ray (Chrono Boost)  
  83  13:50  Void Ray (Chrono Boost)  
  87  13:58  Nexus  
  87  14:07  Pylon  
  87  14:10  Pylon  
  87  14:16  Void Ray (Chrono Boost)  
  91  14:21  Stalker  
  91  14:22  Stalker x3  
  18  16:06  Nexus  
  18  16:11  Pylon  
  18  16:14  Pylon  
  18  16:17  Pylon  
  18  16:23  Assimilator  
  18  16:32  Assimilator  
  18  16:34  Probe  
  19  16:44  Probe  
  20  16:48  Gateway  
  20  16:51  Forge  
  20  16:55  Probe  
  21  17:04  Gateway  
  21  17:05  Probe  
  22  17:10  Gateway  
  22  17:29  Photon Cannon  
  22  17:32  Photon Cannon  
  22  17:34  Assimilator  
  22  17:41  Photon Cannon  
  22  17:43  Photon Cannon  
  22  17:44  Probe  
  23  17:55  Probe  
  24  18:05  Probe  
  25  18:21  Cybernetics Core  
  25  18:23  Pylon  
  25  18:27  Pylon  
  25  18:33  Probe  
  25  18:37  Probe  
  27  18:43  Probe  
  27  18:48  Probe  
  28  18:54  Probe  
  29  18:58  Probe  
  31  19:25  Stargate  
  31  19:28  Stargate  
  31  19:31  Stargate  
  31  19:33  Photon Cannon  
  27  20:15  Stalker  
  27  20:16  Stalker x2  
  31  20:21  Mothership Core  
  41  20:46  Void Ray (Chrono Boost)  
  41  20:47  Void Ray (Chrono Boost)  
  41  20:49  Probe, Void Ray (Chrono Boost)  
  54  21:28  Void Ray (Chrono Boost)  
  54  21:30  Void Ray (Chrono Boost)  
  54  21:32  Void Ray (Chrono Boost)  
  58  21:35  Photon Cannon  
  58  21:38  Photon Cannon  
  58  21:40  Photon Cannon  
  66  24:20  Void Ray (Chrono Boost)  
  66  24:23  Void Ray (Chrono Boost)  
  70  24:25  Void Ray (Chrono Boost)  
  68  25:02  Void Ray (Chrono Boost)  
  68  25:06  Void Ray (Chrono Boost)  
  72  25:07  Void Ray (Chrono Boost)  
  60  25:45  Void Ray (Chrono Boost)  
  60  25:48  Void Ray (Chrono Boost)  
  58  25:50  Void Ray (Chrono Boost)  
  62  26:28  Void Ray (Chrono Boost)  
  60  26:41  Void Ray (Chrono Boost)  
  60  29:22  Pylon  
  60  29:24  Pylon  
  60  29:26  Pylon  
  60  29:28  Pylon  
  60  29:30  Pylon  
  60  29:33  Pylon  
  72  29:46  Void Ray x2 (Chrono Boost)  
  72  29:48  Void Ray (Chrono Boost)  
  84  30:28  Void Ray (Chrono Boost)  
  84  30:29  Void Ray (Chrono Boost)  
  84  30:31  Void Ray (Chrono Boost)  
Show
View Real Time Build Order
Export as new Build Order

Faeton Protoss - Winner!

Build Orders:  

Get SALT Encoding   

  12  0:01  Probe (Chrono Boost)  
  13  0:12  Probe (Chrono Boost)  
  14  0:22  Probe (Chrono Boost)  
  14  0:24  Pylon  
  15  0:46  Gateway  
  15  0:49  Forge  
  15  0:51  Assimilator  
  15  0:55  Probe (Chrono Boost)  
  16  1:05  Probe (Chrono Boost)  
  16  1:09  Pylon  
  17  1:16  Probe (Chrono Boost)  
  18  1:26  Probe (Chrono Boost)  
  18  1:31  Photon Cannon  
  19  1:38  Cybernetics Core  
  19  1:42  Probe (Chrono Boost)  
  20  1:52  Photon Cannon  
  20  1:56  Probe (Chrono Boost)  
  21  2:03  Photon Cannon  
  21  2:11  Pylon  
  21  2:16  Assimilator  
  21  2:22  Mothership Core (Chrono Boost)  
  23  2:47  Pylon  
  23  3:07  Nexus  
  23  3:09  Warp Gate  
  23  3:10  Pylon  
  23  3:30  Probe (Chrono Boost)  
  24  3:41  Probe (Chrono Boost)  
  25  3:51  Probe (Chrono Boost)  
  26  4:02  Probe (Chrono Boost)  
  27  4:03  Assimilator  
  27  4:07  Gateway  
  27  4:08  Assimilator, Gateway  
  27  4:12  Probe (Chrono Boost)  
  28  4:19  Robotics Facility  
  28  4:21  Probe (Chrono Boost)  
  28  4:23  Probe (Chrono Boost)  
  30  4:31  Probe (Chrono Boost)  
  30  4:33  Probe (Chrono Boost)  
  32  4:53  Probe (Chrono Boost)  
  33  5:00  Pylon  
  33  5:04  Probe (Chrono Boost)  
  34  5:12  Twilight Council  
  34  5:14  Probe (Chrono Boost)  
  34  5:15  Robotics Bay  
  35  5:25  Probe (Chrono Boost)  
  35  5:26  Gateway  
  35  5:27  Gateway  
  37  5:35  Probe (Chrono Boost)  
  37  5:36  Blink (Chrono Boost)  
  37  5:45  Probe (Chrono Boost)  
  37  5:46  Immortal  
  42  5:56  Probe, Protoss Ground Weapons Level 1 (Chrono Boost)  
  43  6:08  Probe  
  44  6:15  Extended Thermal Lance  
  44  6:20  Probe  
  44  6:25  Immortal  
  49  6:30  Pylon  
  49  6:32  Probe, Pylon  
  50  6:44  Probe  
  51  6:59  Probe  
  52  7:04  Colossus  
  58  7:17  Nexus  
  58  7:21  Pylon  
  58  7:23  Pylon  
  58  7:28  Assimilator  
  58  7:29  Stalker x2  
  62  7:30  Stalker x2  
  62  7:32  Assimilator, Stalker  
  68  7:41  Pylon  
  68  7:44  Pylon  
  68  7:50  Protoss Ground Armor Level 1 (Chrono Boost)  
  68  7:57  Colossus (Chrono Boost)  
  74  8:15  Stalker x4  
  74  8:17  Stalker  
  84  8:33  Probe  
  85  8:44  Probe  
  85  8:45  Colossus (Chrono Boost)  
  92  8:52  Pylon  
  92  8:54  Probe, Pylon  
  93  9:05  Probe  
  93  9:07  Stalker x4  
  93  9:08  Stalker  
  104  9:15  Probe  
  105  9:32  Colossus (Chrono Boost)  
  105  9:36  Protoss Ground Weapons Level 2  
  111  9:42  Stalker x3  
  111  9:43  Stalker x2  
  121  9:55  Probe  
  122  10:06  Probe  
  123  10:17  Probe  
  123  10:18  Colossus (Chrono Boost)  
  130  10:27  Probe  
  123  10:38  Probe  
  102  11:02  Stalker x5  
  86  11:40  Stalker x2  
  86  11:41  Stalker x3  
  46  12:38  Colossus (Chrono Boost)  
  46  12:41  Stalker x5  
  62  13:18  Stalker  
  62  13:19  Stalker x4  
  72  13:25  Colossus (Chrono Boost)  
  78  14:08  Nexus  
  78  14:12  Assimilator, Stalker, Colossus (Chrono Boost)  
  78  14:13  Stalker x4  
  94  14:41  Stalker x4  
  94  14:42  Stalker  
  104  14:49  Protoss Ground Weapons Level 3  
  104  15:18  Stalker x5  
  78  16:22  Pylon  
  78  17:12  Nexus  
  78  17:15  Assimilator  
  78  17:17  Assimilator  
  78  17:30  Stalker x5  
  78  18:11  Probe  
  79  18:21  Probe  
  79  18:25  Stalker x5  
  90  18:31  Immortal (Chrono Boost)  
  90  18:32  Probe  
  95  18:37  Probe  
  96  18:48  Probe  
  83  18:58  Probe  
  80  19:06  Immortal (Chrono Boost)  
  80  19:09  Probe  
  84  19:11  Stalker x2  
  84  19:12  Stalker x3  
  95  19:19  Probe  
  96  19:40  Immortal (Chrono Boost)  
  100  19:55  Stalker x4  
  100  19:56  Stalker  
  69  20:43  Assimilator  
  69  20:44  Probe  
  69  20:46  Pylon  
  70  20:51  Probe  
  70  20:55  Probe  
  72  21:02  Probe  
  72  21:03  Colossus (Chrono Boost)  
  79  21:05  Protoss Ground Armor Level 2, Probe  
  79  21:10  Stalker x5  
  90  21:12  Probe  
  90  21:16  Probe  
  92  21:27  Probe  
  93  21:40  Stalker x4  
  93  21:41  Stalker  
  103  21:49  Colossus (Chrono Boost)  
  109  22:10  Stalker  
  109  22:11  Stalker x4  
  119  22:36  Colossus (Chrono Boost)  
  125  22:39  Stalker x2  
  125  22:40  Stalker x3  
  95  23:28  Stalker x3  
  95  23:29  Stalker x2  
  105  23:40  Immortal (Chrono Boost)  
  109  23:43  Protoss Ground Armor Level 3  
  109  23:55  Stalker x5  
  119  24:14  Immortal (Chrono Boost)  
  123  24:48  Immortal (Chrono Boost)  
  123  24:50  Nexus  
  127  24:54  Assimilator  
  127  24:55  Assimilator  
  113  27:10  Stalker x5  
  123  27:42  Stalker x4  
  123  27:43  Stalker  
  133  28:07  Stalker x5  
  143  28:18  Protoss Shields Level 1  
  143  28:29  Pylon  
  143  28:30  Pylon  
  143  28:32  Pylon  
  143  28:34  Pylon  
  143  28:38  Pylon  
  143  28:55  Stalker x3  
  145  28:56  Stalker x2  
  153  29:15  Nexus  
  153  29:18  Assimilator  
  153  29:19  Assimilator  
  153  29:50  Stalker x5  
  159  30:21  Probe  
  160  30:29  Stalker x3  
  166  31:03  Stalker x3  
Show
View Real Time Build Order
Export as new Build Order

lurker Terran - Winner!

Build Orders:  

Get SALT Encoding   

  12  0:08  SCV  
  13  0:20  SCV  
  14  0:21  Supply Depot  
  14  0:30  Refinery  
  14  0:52  SCV  
  14  0:54  Barracks  
  15  1:04  SCV  
  16  1:12  Engineering Bay  
  16  1:16  SCV  
  17  1:28  SCV  
  18  1:40  Supply Depot, SCV  
  18  1:42  Marine  
  20  1:47  Refinery  
  20  1:52  SCV  
  21  2:00  Marine  
  22  2:04  SCV  
  22  2:05  Supply Depot  
  23  2:16  SCV  
  23  2:17  Missile Turret  
  23  2:21  Marine  
  25  2:28  SCV  
  26  2:37  Barracks  
  26  2:39  Marine  
  27  2:48  Orbital Command  
  27  2:58  Missile Turret  
  27  3:00  Marine  
  28  3:15  Hi-Sec Auto Tracking  
  28  3:18  Marine  
  29  3:34  Marine  
  29  3:35  Marine  
  31  3:42  Factory  
  31  3:52  Marine  
  31  3:53  Marine  
  33  3:57  Engineering Bay  
  33  4:09  SCV  
  34  4:10  Marine  
  34  4:14  Barracks Tech Lab  
  35  4:24  Missile Turret  
  35  4:28  Marine  
  36  4:42  Starport  
  36  4:45  Missile Turret  
  36  4:52  Building Armor  
  36  4:54  Terran Infantry Weapons Level 1  
  36  5:01  Barracks Reactor  
  36  5:03  Marine  
  36  5:05  Combat Shields  
  37  5:11  Barracks  
  37  5:20  Marine  
  38  5:26  Missile Turret  
  38  5:38  Marine  
  38  5:39  Supply Depot  
  38  5:48  Missile Turret  
  38  5:50  Marine  
  39  6:01  Medivac, Marine x2  
  39  6:04  Supply Depot  
  43  6:08  Marine  
  37  6:18  Marine x2  
  37  6:23  Barracks Reactor  
  39  6:26  Widow Mine, Marine  
  39  6:27  Supply Depot  
  39  6:31  Medivac  
  44  6:36  Marine x2  
  46  6:44  Marine  
  47  6:48  Terran Infantry Armor Level 1  
  47  6:54  Widow Mine, Marine x2  
  51  7:02  Marine  
  52  7:12  Marine x2  
  54  7:18  Medivac  
  54  7:20  Marine  
  57  7:23  Widow Mine  
  59  7:30  Marine x2  
  61  7:47  Medivac  
  63  7:56  Supply Depot  
  63  8:17  Widow Mine, Marine x5  
  63  8:19  Supply Depot  
  70  8:35  Marine, Armory  
  70  8:39  Marine x4  
  64  8:41  Supply Depot  
  64  8:45  Widow Mine  
  57  8:53  Marine  
  58  8:57  Marine x4  
  62  9:11  Marine  
  62  9:15  Marine  
  60  9:34  Marine x3, Terran Infantry Armor Level 2  
  60  9:35  Terran Infantry Weapons Level 2  
  63  9:45  Factory Tech Lab  
  63  9:49  Marine  
  63  9:50  Marine  
  63  9:51  Marine  
  63  9:52  Marine x2  
  68  10:07  Marine  
  68  10:08  Marine  
  68  11:06  Command Center  
  68  11:28  Drilling Claws  
  68  11:30  Widow Mine  
  70  11:41  Medivac  
  72  12:20  Planetary Fortress  
  72  12:30  Missile Turret  
  72  12:41  Widow Mine  
  72  13:09  Missile Turret  
  72  13:10  Widow Mine  
  66  13:38  Widow Mine  
  68  13:49  SCV  
  69  14:01  SCV  
  70  14:07  Widow Mine  
  66  14:27  Marine  
  64  14:47  Widow Mine  
  66  15:16  Widow Mine  
  68  15:44  Widow Mine  
  61  15:50  Marine x3  
  61  15:51  Marine x2  
  66  16:08  Marine  
  67  17:09  Command Center  
  67  17:20  Widow Mine  
  69  17:48  Widow Mine  
  71  18:41  Marine x5  
  76  18:59  Marine x4  
  80  19:05  Marine  
  81  19:16  Marine  
  70  19:58  Orbital Command  
  44  20:07  Marine  
  44  20:08  Marine x4  
  49  20:25  Marine  
  49  20:26  Marine x4  
  54  20:43  Marine x2  
  54  20:47  Medivac  
  58  20:50  Marine x3  
  61  21:01  Marine  
  61  21:03  Refinery  
  61  21:04  Refinery  
  62  21:08  Missile Turret  
  62  21:17  Medivac  
  64  21:30  Missile Turret  
  64  21:31  Marine  
  64  21:32  Marine x4  
  69  21:49  Marine  
  69  21:50  Marine x3  
  73  22:07  Marine x2  
  73  22:08  Marine x3  
  78  22:25  Marine x5  
  83  22:43  Marine x3  
  86  23:18  Marine x3  
  86  23:19  Marine x2  
  91  23:20  Terran Infantry Weapons Level 3  
  91  23:22  Terran Infantry Armor Level 3  
  91  23:36  Marine x4  
  91  23:37  Marine  
  96  23:54  Marine x5  
  99  24:11  Marine  
  61  24:34  Marine x5  
  64  24:51  Marine  
  64  24:52  Marine x4  
  67  25:09  Marine  
  67  25:10  Marine x4  
  67  25:11  Medivac  
  74  25:27  Marine  
  74  25:28  Marine x4  
  79  25:45  Marine x5  
  84  26:03  Marine x5  
  89  26:20  Marine  
  89  26:21  Marine x4  
  94  26:38  Marine  
  94  26:39  Marine  
  96  27:15  Marine x3  
  97  27:16  Marine x2  
  101  27:33  Marine  
  102  28:22  Supply Depot  
  102  28:31  Planetary Fortress  
  102  28:43  Refinery, Marine x5  
  102  28:44  Supply Depot, Missile Turret  
  102  28:46  Refinery  
  107  29:01  Marine x3  
  110  29:05  Marine x2  
  110  29:08  Supply Depot  
  112  29:19  Marine x3  
  112  29:23  Marine x2  
  117  29:37  Supply Depot, Marine x3  
  120  29:41  Marine x2  
  122  29:54  Marine x3  
  122  29:59  Marine x2  
  127  30:01  Supply Depot  
  127  30:12  Marine x3  
  130  30:17  Marine x2  
  132  30:23  Supply Depot  
  132  30:30  Marine x3  
  132  30:34  Marine x2  
  97  30:45  Supply Depot  
  97  30:48  Marine x2  
  86  30:51  Marine  
  86  30:52  Marine x2  
Tags
 
Add a new tag
Caveats
  • Supply blocks, unpowered buildings, or Contaminate may cause inaccurate times.
  • Supply counts are checked every 10 seconds.